 Dungeon Sprint DCSS version 0.21-a0-476-gd103f4b (webtiles) character file.

5341 esteth the Imperceptible (level 10, -2/44 HPs)
             Began as a Spriggan Enchanter on Nov 22, 2017.
             Was a High Priest of Dithmenos.
             Killed by divine providence
             ... invoked by a daeva
              (12 damage)
             ... in the Dungeon (Sprint I: "Red Sonja").
             The game lasted 00:08:52 (1707 turns).

esteth the Imperceptible (Spriggan Enchanter)       Turns: 1707, Time: 00:08:53

Health: -2/44      AC:  2    Str:  4    XL:     10   Next: 38%
Magic:  18/20      EV: 22    Int: 21    God:    Dithmenos [*****.]
Gold:   348        SH:  0    Dex: 16    Spells: 13/22 levels left

rFire    . . .     SeeInvis +   g - +3 dagger (venom)
rCold    . . .     Gourm    .   (shield restricted)
rNeg     . . .     Faith    .   b - +0 robe
rPois    .         Spirit   .   (helmet restricted)
rElec    .         Reflect  .   (no cloak)
rCorr    .         Harm     .   (gloves unavailable)
MR       +....     NoTele   +   (boots unavailable)
Stlth    ++++++++..             (no amulet)
HPRegen  0.14/turn              (no ring)
MPRegen  0.17/turn              (no ring)

@: very quick
A: unfitting armour, see invisible, herbivore 3, speed 3, slow metabolism 2
a: Shadow Step, Shadow Form, Renounce Religion


You were in the Dungeon.
You worshipped Dithmenos.
Dithmenos was extremely pleased with you.
You were not hungry.

You visited 1 branch You collected 542 gold pieces.
You spent 194 gold pieces at shops.

Inventory:

Hand Weapons
 a - a +1 dagger
 g - a +3 dagger of venom (weapon)
Armour
 b - a +0 robe (worn)
Scrolls
 j - a scroll of blinking
Potions
 e - a potion of curing
 f - a potion of heal wounds
 h - 2 potions of magic
 i - a potion of berserk rage
Books
 c - a book of Maledictions

   Spells                             Type                      Level
   a - Corona                         Hexes                        1
   b - Ensorcelled Hibernation        Hexes/Ice                    2
   c - Confuse                        Hexes                        3
   d - Tukima's Dance                 Hexes                        3
   e - Dazzling Spray                 Conjuration/Hexes            3
Comestibles
 d - a bread ration


   Skills:
 + Level 14.3 Short Blades
 + Level 6.8 Dodging
 + Level 21.4 Stealth
 - Level 6.6 Spellcasting
 - Level 11.9 Hexes
 + Level 4.2 Ice Magic
 - Level 6.3 Invocations


You had 13 spell levels left.
You knew the following spells:

 Your Spells              Type           Power        Failure   Level  Hunger
a - Corona                Hex            ######.      1%          1    None
b - Ensorcelled Hibernat  Hex/Ice        #####.       1%          2    None
c - Confuse               Hex            ######..     1%          3    #......
d - Dazzling Spray        Conj/Hex       ####..       2%          3    #......


Dungeon Overview and Level Annotations

Branches:
Dungeon (1/1)

Altars:
Cheibriados
Dithmenos
Elyvilon
Fedhas
Gozag
Hepliaklqana
Kikubaaqudgha
Makhleb
Nemelex Xobeh
Okawaru
Qazlal
Ru
Sif Muna
Trog
Uskayaw
Vehumet
Wu Jian
Xom
Yredelemnul
Zin
The Shining One
Jiyva
Lugonu

Shops:
D (


Innate Abilities, Weirdness & Mutations

You are very small and have problems with some larger weapons.
You are too small for most types of armour.
You have supernaturally acute eyesight. (SInv)
You are a herbivore.
You cover ground extremely quickly.
You need consume almost no food.


Message History

The unseen horror hits you.
The unseen horror hits you but does no damage.
The unseen horror hits you! The unseen horror barely misses you.
The unseen horror closely misses you. The unseen horror misses you.
The daeva shouts!
The unseen horror hits you!
The unseen horror completely misses you.
The daeva calls down the wrath of the Shining One upon you.
The Shining One smites you!
* * * LOW HITPOINT WARNING * * *
Casting: Ensorcelled Hibernation
Confirm with . or Enter, or press ? or * to list all spells.
Aiming: Ensorcelled Hibernation
Press: ? - help, Shift-Dir - straight line, f - unseen horror
Aim: an unseen horror (purple smoke, slightly transparent, chance to defeat MR: 67%)
The unseen horror looks drowsy...
The daeva calls down the wrath of the Shining One upon you.
The Shining One smites you!
You die...

####################
'..)#/(#§§§§§§§§...+
#...##'#§####§§§§§#
#)..'..#§#
##§§§#####
#####.§'.# ###§#
$%## ##+####
#§##$$$# #....§#
#@§###$# #..^§.+
##x#A#$# ###§.§#
#.x###$# #§..#
#x##..$# #..##
#..#+### #§§# ##...#
##+# ###.# x# x#


You could see a daeva and 2 unseen horrors.

Vanquished Creatures
  An unseen horror (D)
  A lindwurm (D)
  A gargoyle (D)
  2 kobold demonologists (D)
  4 demonic crawlers (D)
  A slime creature (D)
  Sigmund (D)
  A yak (D)
  13 hogs (D)
  A floating eye (D)
  An ogre (D)
  A jelly (D)
  Ijyb (D)
29 creatures vanquished.

Vanquished Creatures (others)
  A gargoyle (D)
1 creature vanquished.

Grand Total: 30 creatures vanquished

Notes
Turn   | Place    | Note
-------+----------+-------------------------------------------
     0 | D        | esteth the Spriggan Enchanter began the quest for the Orb.
     0 | D        | Reached XP level 1. HP: 9/9 MP: 5/5
     2 | D        | Noticed Ijyb
    19 | D        | Killed Ijyb
    19 | D        | Reached skill level 7 in Stealth
    19 | D        | Reached XP level 2. HP: 3/13 MP: 6/6
   273 | D        | Learned a level 2 spell: Ensorcelled Hibernation
   273 | D        | Noticed an ogre
   276 | D        | Killed an ogre
   276 | D        | Reached skill level 10 in Stealth
   276 | D        | Reached XP level 3. HP: 16/16 MP: 8/8
   276 | D        | Reached XP level 4. HP: 21/21 MP: 9/9
   278 | D        | Noticed Sigmund
   285 | D        | Killed Sigmund
   285 | D        | Reached skill level 12 in Stealth
   285 | D        | Reached XP level 5. HP: 10/24 MP: 1/10
   493 | D        | Found an ornate altar of the Wu Jian Council.
   493 | D        | Found a deep blue altar of Sif Muna.
   495 | D        | Found a radiant altar of Vehumet.
   499 | D        | Reached skill level 10 in Hexes
   499 | D        | Reached XP level 6. HP: 28/28 MP: 11/11
   504 | D        | Learned a level 3 spell: Confuse
   506 | D        | Found Risi's Weapon Emporium.
   506 | D        | Found an ancient bone altar of Kikubaaqudgha.
   506 | D        | Found a hazy altar of Hepliaklqana.
   506 | D        | Found a stormy altar of Qazlal.
   506 | D        | Found a hide-covered altar of Uskayaw.
   506 | D        | Found a blossoming altar of Fedhas.
   506 | D        | Found a bloodstained altar of Trog.
   506 | D        | Found an iron altar of Okawaru.
   506 | D        | Found a basalt altar of Yredelemnul.
   506 | D        | Found a glowing golden altar of the Shining One.
   506 | D        | Found a snail-covered altar of Cheibriados.
   506 | D        | Found a sacrificial altar of Ru.
   506 | D        | Found a glowing silver altar of Zin.
   506 | D        | Found a shadowy altar of Dithmenos.
   506 | D        | Found a white marble altar of Elyvilon.
   506 | D        | Noticed a yak
   507 | D        | Found an opulent altar of Gozag.
   510 | D        | Killed a yak
   510 | D        | Reached skill level 13 in Stealth
   510 | D        | Reached skill level 5 in Spellcasting
   545 | D        | Found a sparkling altar of Nemelex Xobeh.
   553 | D        | Became a worshipper of Dithmenos the Shadowed
   584 | D        | Bought a +3 dagger of venom for 194 gold pieces
   604 | D        | Found a burning altar of Makhleb.
   604 | D        | Found a viscous altar of Jiyva.
   604 | D        | Found a shimmering altar of Xom.
   604 | D        | Found a corrupted altar of Lugonu.
   604 | D        | Noticed a slime creature
   617 | D        | Killed a slime creature
   617 | D        | Reached skill level 14 in Stealth
   617 | D        | Reached XP level 7. HP: 6/32 MP: 5/15
   887 | D        | Noticed a kobold demonologist
   888 | D        | Noticed a kobold demonologist
   890 | D        | Killed a kobold demonologist
   890 | D        | Reached skill level 16 in Stealth
   892 | D        | Killed a kobold demonologist
   892 | D        | Reached * piety under Dithmenos
   892 | D        | Reached skill level 10 in Short Blades
   892 | D        | Reached skill level 17 in Stealth
   892 | D        | Reached XP level 8. HP: 36/36 MP: 16/16
   896 | D        | Noticed a demonic crawler
   896 | D        | Noticed a demonic crawler
   896 | D        | Noticed a demonic crawler
   896 | D        | Noticed a demonic crawler
   898 | D        | Killed a demonic crawler
   898 | D        | Reached skill level 18 in Stealth
   899 | D        | Killed a demonic crawler
   899 | D        | Reached ** piety under Dithmenos
   901 | D        | Killed a demonic crawler
   901 | D        | Reached XP level 9. HP: 39/39 MP: 17/17
   902 | D        | Killed a demonic crawler
   902 | D        | Reached skill level 19 in Stealth
   913 | D        | Noticed a gargoyle
   925 | D        | Noticed a lindwurm
   927 | D        | Killed a lindwurm
   927 | D        | Reached *** piety under Dithmenos
   938 | D        | Reached skill level 20 in Stealth
  1181 | D        | Learned a level 3 spell: Dazzling Spray
  1189 | D        | Killed a gargoyle
  1189 | D        | Reached skill level 5 in Invocations
  1206 | D        | Reached **** piety under Dithmenos
  1243 | D        | Killed a gargoyle
  1370 | D        | Reached XP level 10. HP: 44/44 MP: 11/18
  1407 | D        | Reached ***** piety under Dithmenos
  1407 | D        | Reached skill level 21 in Stealth
  1543 | D        | Reached skill level 5 in Dodging
  1689 | D        | Noticed a daeva
  1694 | D        | Noticed an unseen horror
  1694 | D        | Noticed an unseen horror
  1694 | D        | Noticed an unseen horror
  1697 | D        | Noticed an unseen horror
  1700 | D        | Noticed an unseen horror
  1701 | D        | Killed an unseen horror
  1707 | D        | Killed from afar by a daeva

Vault maps used:
D:        dungeon_sprint_1

Skill      XL: |  1  2  3  4  5  6  7  8  9 10 |
---------------+-------------------------------+-----
Stealth        | 7 10 12 14 17 18 20 21 | 21.4
Hexes          | 6 8 9 10 11 | 11.9
Short Blades   | 4 8 10 11 13 14 | 14.3
Ice Magic      | 3 4 |  4.2
Spellcasting   | 5 6 |  6.6
Invocations    | 6 |  6.3
Dodging        | 6 |  6.8

Action                   |  1- 3 |  4- 6 |  7- 9 | 10-12 || total
-------------------------+-------+-------+-------+-------++-------
Melee: Dagger            |    16 |     6 |    29 |    17 ||    68
 Cast: Ensorcelled Hiber |       |     9 |     3 |    12 ||    24
       Confuse           |       |       |     3 |       ||     3
       Dazzling Spray    |       |       |     3 |       ||     3
Invok: Shadow Step       |       |       |     1 |       ||     1
  Use: Potion            |     1 |       |       |       ||     1
 Stab: Sleeping          |     2 |     4 |    13 |     7 ||    26
       Confused          |       |       |     1 |       ||     1
       Invisible         |       |       |     1 |       ||     1
Armor: Robe              |     1 |       |       |     1 ||     2
Dodge: Dodged            |     4 |     5 |    13 |    22 ||    44

Table legend:
 A = Spawn XP
 B = Non-spawn XP
 C = Spawn XP percentage of total XP
 D = Spawn monster count
 E = Non-spawn monster count
 F = Spawn count percentage of total count
 G = Total turns spent on level
                    A         B        C        D         E        F      G
               +---------+---------+-------+---------+---------+-------+---------
         Total |       0 |    7631 |   0.0 |       0 |      29 |   0.0 |  1707
               +---------+---------+-------+---------+---------+-------+---------
             D |       0 |    7631 |   0.0 |       0 |      29 |   0.0 |  1707
               +---------+---------+-------+---------+---------+-------+---------
